 Dungeon Crawl Stone Soup version 0.30-a0-859-gf88a04b62d (webtiles) character file.

Game seed: 1829417934820186227

7 MacCMillion the Shooter (level 1, -1/10 HPs)
             Began as a Spriggan Hunter on Mar 6, 2023.
             Succumbed to a kobold's poison
             ... on level 1 of the Dungeon.
             The game lasted 00:00:27 (160 turns).

MacCMillion the Shooter (Spriggan Hunter)            Turns: 160, Time: 00:00:27

Health: -1/10      AC:  3    Str:  7    XL:     1   Next: 91%
Magic:  2/2        EV: 17    Int: 10    God:
Gold:   0          SH:  0    Dex: 18    Spells: 0/0 levels left

rFire   . . .      SeeInvis +    a - +0 shortbow
rCold   . . .      Faith    .    (shield currently unavailable)
rNeg    . . .      Spirit   .    c - +0 robe
rPois   .          Reflect  .    (helmet restricted)
rElec   .          Rampage  .    d - +0 cloak
rCorr   .                        (gloves unavailable)
Will    .....                    (boots unavailable)
Stlth   ++                       (no amulet)
HPRegen 0.21/turn                (no ring)
MPRegen 0.08/turn                (no ring)

@: lethally poisoned (-1 -> -19), very quick
A: very small, no large weapons, unfitting armour, see invisible, speed 3
a: no special abilities


You were on level 1 of the Dungeon.
You visited 1 branch of the dungeon, and saw 1 of its levels.

Inventory:

Hand Weapons
 a - a +0 shortbow (weapon)
Armour
 c - a +0 robe (worn)
 d - a +0 cloak (worn)
Scrolls
 b - a scroll of immolation
 e - a scroll of teleportation {unknown}


   Skills:
 - Level 1.5 Fighting
 + Level 4.2 Ranged Weapons
 - Level 2.6 Dodging
 + Level 2.5 Stealth


You couldn't memorise any spells.
You didn't know any spells.
Your spell library was empty.

Dungeon Overview and Level Annotations

Branches:
Dungeon (1/15)

Altars:


Innate Abilities, Weirdness & Mutations

You are very small and have problems with some larger weapons.
You are too small for most types of armour.
You have supernaturally acute eyesight. (SInv)
You cover ground extremely quickly. (Speed+++)


Message History

A ball python is nearby!
You shoot an arrow. The arrow hits the ball python.
The ball python hisses angrily.
The ball python is severely wounded.
You shoot an arrow. The arrow hits the ball python!
You kill the ball python!
No target in view!
No target in view!
You see here a ball python corpse.
A giant cockroach comes into view.
A giant cockroach is nearby!
A giant cockroach is nearby!
You shoot an arrow. The arrow hits the giant cockroach.
The giant cockroach is almost dead.
You hear a shout!
No target in view!
No target in view!
A kobold comes into view. It is wielding a +1 dagger of venom.
Found a book of Cantrips and a sling.
There are monsters nearby!
You shoot an arrow.
The arrow barely misses the giant cockroach.
You shoot an arrow. The arrow hits the giant cockroach.
You kill the giant cockroach!
You shoot an arrow. The arrow barely misses the kobold.
The kobold hits you with a +1 dagger of venom.
You are lethally poisoned!
You shoot an arrow. The arrow closely misses the kobold.
You feel very sick.
The kobold hits you with a +1 dagger of venom.
* * * LOW HITPOINT WARNING * * *
You are more poisoned.
You aren't carrying any potions.
You are too injured to fight recklessly!
You are too injured to fight recklessly!
Unknown command.
You shoot an arrow. The arrow hits the kobold.
The kobold is moderately wounded.
Ouch! That really hurt!
You die...

..)..#
#....#
#....#
#....#
###....####
#.........#
#.........#
#..@K.....#
#...#...:.#
#...# ....+
##...# ...#
#...## ..#
##...# .#
#.# ##...##
#
#.###...##
#.##..†##
#. ♣♣♣♣


You could see a kobold.

Vanquished Creatures
  2 giant cockroaches (D:1)
  A hobgoblin (D:1)
  2 kobolds (D:1)
  A ball python (D:1)
6 creatures vanquished.

Notes
Turn   | Place    | Note
-------+----------+-------------------------------------------
     0 | D:1      | MacCMillion the Spriggan Hunter began the quest for the
                  | Orb.
     0 | D:1      | Reached XP level 1. HP: 10/10 MP: 2/2
   160 | D:1      | Succumbed to a kobold's poison

Illustrated notes

Levels and vault maps discovered:
D:1:      amcnicky_arrival_underground_garden, layout_basic, serial_curves,
          eino_curves_02, eino_curves_01, eino_curves_02,
          nicolae_ecumenical_lake_church

Skill      XL: |  1 |
---------------+----+-----
Stealth        | 2 |  2.5
Fighting       | |  1.5
Ranged Weapons | |  4.2
Dodging        | |  2.6

Action                     || total
---------------------------++-------
   Fire: Shortbow          ||    16
  Dodge: Dodged            ||     1

Table legend: (Time is in decaauts)
 A = Elapsed time spent in this place.
 B = Non-inter-level travel time spent in this place.
 C = Inter-level travel time spent in this place.
 D = Time resting spent in this place.
 E = Time spent auto-exploring this place.
 F = Levels seen in this place.
 G = Mean time per level.
                   A        B        C        D        E       F      G
               +--------+--------+--------+--------+--------+-----+--------+
         Total |    109 |    109 |      0 |      0 |     73 |   1 |  109.0 |
       Dungeon |    109 |    109 |      0 |      0 |     73 |   1 |  109.0 |
               +--------+--------+--------+--------+--------+-----+--------+

Top non-repeatable levels by time:
     D:1: 109 daAuts
